 Dungeon Crawl Stone Soup version 0.29.1-2-gbd0b4ee654 (webtiles) character file.

Game seed: 16890837448832702077

110 GeoRichter the Stinger (level 4, 0/27 HPs)
             Began as an Octopode Venom Mage on Nov 9, 2022.
             Slain by Grinder (5 damage)
             ... on level 3 of the Dungeon.
             The game lasted 00:04:57 (3236 turns).

GeoRichter the Stinger (Octopode Venom Mage)        Turns: 3236, Time: 00:04:57

Health: 0/27       AC:  1    Str:  7    XL:     4   Next: 91%
Magic:  2/2        EV: 13    Int: 19    God:
Gold:   195        SH:  0    Dex: 17    Spells: 2/8 levels left

rFire   . . .      SeeInvis .   w - +7 dagger "Beetleslayer" {antimagic, Dex+5 Stlth-}
rCold   . . .      Faith    .   (no shield)
rNeg    . . .      Spirit   .   (helmet restricted)
rPois   .          Reflect  .   d - amulet of regeneration
rElec   .          Harm     .   (no ring)
rCorr   .          Rampage  .   (no ring)
Will    .....                   (no ring)
Stlth   ++........              (no ring)
HPRegen 0.89/turn               (no ring)
MPRegen 0.08/turn               (no ring)
                                (no ring)
                                (no ring)

@: no status effects
A: almost no armour, amphibious, 8 rings, camouflage 1, gelatinous body 1,
(nimble swimmer 1), tentacles
a: no special abilities


You were on level 3 of the Dungeon.
You visited 1 branch of the dungeon, and saw 3 of its levels.

You collected 195 gold pieces.

Inventory:

Hand Weapons
 w - the +7 dagger "Beetleslayer" (weapon) {antimagic, Dex+5 Stlth-}
   (You found it on level 3 of the Dungeon)

   It reduces the magical energy of the wielder, and disrupts the spells and
   magical abilities of those it strikes.
   Natural abilities and divine invocations are not affected.
   Dex:       It affects your dexterity (+5).
   Stlth:     It makes you less stealthy.
Missiles
 s - 2 curare-tipped darts {!f}
Jewellery
 d - an amulet of regeneration (around mantle)
   (You found it on level 1 of the Dungeon)
 e - a ring of ice
   (You found it on level 1 of the Dungeon)
Wands
 q - a wand of charming (12)
   (You found it on level 2 of the Dungeon)
Scrolls
 c - 3 scrolls of teleportation {unknown}
 f - a scroll of silence {unknown}
 k - a scroll of summoning {unknown}
 m - 5 scrolls of identify {unknown}
 n - 2 scrolls of immolation {unknown}
 o - a scroll of enchant armour {unknown}
 p - 2 scrolls of vulnerability {unknown}
 t - a scroll of acquirement {unknown}
 u - a scroll of brand weapon {unknown}
 v - a scroll of noise {unknown}
Potions
 a - a potion of magic
 b - a potion of experience {unknown}
 g - a potion of heal wounds {unknown}
 h - 2 potions of invisibility {unknown}
 i - 2 potions of degeneration {unknown}
 j - 2 potions of resistance {unknown}
 l - a potion of attraction {unknown}
 r - 2 potions of curing {unknown}


   Skills:
 - Level 2.0 Dodging
 - Level 2.6 Stealth
 + Level 2.7 Spellcasting
 - Level 1.0 Transmutations
 * Level 2.2 Air Magic
 * Level 5.1 Poison Magic


You had 2 spell levels left.
You knew the following spells:

 Your Spells              Type           Power      Damage    Failure   Level
a - Sting                 Tmut/Pois      56%        1d5       4%          1
b - Poisonous Vapours     Pois/Air       32%        N/A       5%          2
c - Mephitic Cloud        Conj/Pois/Air  12%        N/A       17%         3

Your spell library contained the following spells:

 Spells                   Type           Power      Damage    Failure   Level
 Shock                    Conj/Air       24%        1d4       10%         1
 Swiftness                Air            11%        N/A       19%         3
 Olgreb's Toxic Radiance  Pois           22%        N/A       19%         4
 Inner Flame              Hex/Fire       2%         N/A       43%         3
 Airstrike                Air            5%         2d(1-17)  52%         4
 Cause Fear               Hex            1%         N/A       83%         4
 Discord                  Hex            1%         N/A       100%        8


Dungeon Overview and Level Annotations

Branches:
Dungeon (3/15) Zot: 14766

Altars:
Ashenzari
Fedhas
Kikubaaqudgha
Ru

Annotations:
D:3 Grinder


Innate Abilities, Weirdness & Mutations

You cannot wear most types of armour.
You are amphibious.
You can wear up to eight rings at the same time.
Your skin changes colour to match your surroundings (Stealth+).
Your rubbery body absorbs attacks. (AC +1, EV +1)
((You are camouflaged when in or above water. (Stealth+)))
You have tentacles for arms and can constrict up to eight enemies at once.


Message History

Found a scroll labelled FYLITIJIOCH.
You can't see any susceptible monsters within range! (Use Z to cast anyway.)
You see here a scroll labelled FYLITIJIOCH.
The sting hits the hobgoblin but does no damage.
The hobgoblin is poisoned.
The hobgoblin shouts!
The sting hits the hobgoblin.
The hobgoblin looks even sicker.
You kill the hobgoblin!
No target in view!
No target in view!
m - 4 scrolls labelled FYLITIJIOCH (gained 1)
The sting misses the quokka.
The sting hits the quokka but does no damage.
The quokka is poisoned.
The quokka closely misses you.
The quokka bites you but does no damage.
The sting hits the quokka.
The quokka looks even sicker.
You kill the quokka!
You see here a quokka corpse.
Found a scroll labelled FYLITIJIOCH.
m - 5 scrolls labelled FYLITIJIOCH (gained 1)
Found a scale mail.
You see here a +0 scale mail.
Grinder is nearby!
Grinder blinks!
Grinder gestures at you. Pain shoots through your body!
Grinder blinks!
Grinder says, "Mostly I couldn't keep them alive."
Grinder gestures at you.
You suddenly lose the ability to move!
Grinder hits you.
You writhe in agony.
You can move again.
The sting misses Grinder.
Grinder says, "DUCK!"
Grinder gestures at you. Pain shoots through your body!
The sting hits Grinder.
Grinder is poisoned.
Grinder hits you.
The sting hits Grinder but does no damage.
Grinder looks even sicker.
Grinder hits you.
You writhe in agony.
* * * LOW HITPOINT WARNING * * *
You feel agile.
You feel magic leave you.
w - the +7 dagger "Beetleslayer" (weapon)
{antimagic, Dex+5 Stlth-} You closely miss Grinder.
Your grab misses Grinder. Grinder hits you but does no damage.
You closely miss Grinder. You grab Grinder. You constrict Grinder.
Grinder hits you!
* * * LOW HITPOINT WARNING * * *
You writhe in agony.
You die...

##..# #.#.# #.#(........##
#. ....# #.#.# #.####...##.#
#. ###.# #.#.# #.# ##.....#
#. # #.# #5#.# #.# #####.#
#. # #.# #.#.#
#.#########.####. # #.#
#.#.# #................
###.#
#.#.####.######.##.##.##
..>.#
#......#.######.##.##.#
#####
###...5@..............## #
############.######.####...#
######..†.....#
#.###########≈..#
.......######.#
#.##≈≈........≈.# ....##.#
#.# #.##≈_.≈.≈.≈.≈..#
###.##.#### #.#
#.##≈≈........≈## #
#.##....# #.#
#.###########≈.#
#.##†##.###.# #.# #..#
#.##........# #.# #####.###


You could see Grinder (very poisoned).

Vanquished Creatures
  6 adders
  A worm (D:3)
  An orc (D:2)
  3 bats
  6 endoplasms
  2 giant cockroaches
  3 goblins
  5 hobgoblins
  6 jackals
  4 quokkas
  5 ball pythons
  2 frilled lizards
  2 kobolds
  4 rats
50 creatures vanquished.

Notes
Turn   | Place    | Note
-------+----------+-------------------------------------------
     0 | D:1      | GeoRichter the Octopode Venom Mage began the quest for the
                  | Orb.
     0 | D:1      | Reached XP level 1. HP: 11/11 MP: 3/3
   269 | D:1      | Reached skill level 4 in Poison Magic
   320 | D:1      | Reached XP level 2. HP: 17/17 MP: 3/5
   470 | D:1      | Learned a level 2 spell: Poisonous Vapours
   521 | D:1      | Found a faded altar of an unknown god.
  1059 | D:2      | Reached skill level 1 in Air Magic
  1059 | D:2      | Reached XP level 3. HP: 7/21 MP: 0/6
  1473 | D:2      | Reached XP level 4. HP: 27/27 MP: 4/7
  2129 | D:3      | Noticed Grinder
  2138 | D:3      | Paralysed by Grinder for 2 turns
  2206 | D:3      | Found an ancient bone altar of Kikubaaqudgha.
  2209 | D:3      | Found a blossoming altar of Fedhas.
  2314 | D:3      | Learned a level 3 spell: Mephitic Cloud
  2315 | D:3      | Found a broken altar of Ashenzari.
  2363 | D:3      | Found a sacrificial altar of Ru.
  2404 | D:3      | Identified the +7 dagger "Beetleslayer" {antimagic, Dex+5
                  | Stlth-}
  2410 | D:3      | Reached skill level 5 in Poison Magic
  3228 | D:3      | Paralysed by Grinder for 3 turns
  3236 | D:3      | Slain by Grinder

Illustrated notes

Levels and vault maps discovered:
D:1:      dpeg_arrival_solitude, layout_loops_ring,
          hellmonk_ecumenical_altar_zigzags
D:2:      layout_loops_ring
D:3:      layout_loops_ring, grunt_temple_overflow_growth_and_decay,
          nicolae_ru_path_of_blood, amcnicky_altar_gilded, uniq_grinder

Skill      XL: |  1  2  3  4 |
---------------+-------------+-----
Poison Magic   | 4 5 |  5.1
Air Magic      | 1 2 |  2.2
Dodging        | |  2.0
Stealth        | |  2.6
Spellcasting   | |  2.7
Transmutations | |  1.0

Action                   |  1- 3 |  4- 6 || total
-------------------------+-------+-------++-------
Melee: Unarmed           |    23 |    11 ||    34
       Constrict         |     4 |     8 ||    12
       Tentacles         |     3 |     2 ||     5
       Dagger            |       |    20 ||    20
       Punch             |       |     1 ||     1
 Cast: Sting             |    48 |    34 ||    82
       Poisonous Vapours |     3 |     6 ||     9
 Stab: Sleeping          |     1 |     2 ||     3
Armor: Skin              |     4 |     6 ||    10
Dodge: Dodged            |    31 |    35 ||    66
